 Dungeon Crawl Stone Soup version 0.29.1-13-g9f3cf754e1 (webtiles) character file.

Game seed: 2902174286656527152

1138 Wobber the Magician (level 8, -4/45 HPs)
             Began as a Deep Elf Hedge Wizard on Feb 11, 2023.
             Slain by an ice beast (8 damage)
             ... on level 6 of the Dungeon.
             The game lasted 00:29:47 (8615 turns).

Wobber the Magician (Deep Elf Hedge Wizard)         Turns: 8615, Time: 00:29:47

Health: -4/45      AC:  3    Str:  7    XL:     8   Next: 14%
Magic:  13/19      EV: 12    Int: 22    God:
Gold:   222        SH:  0    Dex: 14    Spells: 8/19 levels left

rFire   . . .      SeeInvis .   K - staff of conjuration
rCold   . . .      Faith    .   (no shield)
rNeg    + . .      Spirit   .   b - +0 robe
rPois   .          Reflect  .   c - +0 hat
rElec   .          Harm     .   (no cloak)
rCorr   .          Rampage  .   (no gloves)
Will    .....                   i - +0 pair of boots
Stlth   +++.......              (no amulet)
HPRegen 0.15/turn               n - ring of positive energy
MPRegen 0.16/turn               (no ring)

@: no status effects
A: no striking features
a: no special abilities


You were on level 6 of the Dungeon.
You visited 2 branches of the dungeon, and saw 7 of its levels.
You also visited: Sewer.

You collected 222 gold pieces.

Inventory:

Hand Weapons
 a - a +0 dagger
 g - a +0 short sword
 A - a +1 dagger of holy wrath
 I - a +1 spear of venom
Missiles
 h - 59 stones
Armour
 b - a +0 robe (worn)
 c - a +0 hat (worn)
 i - a +0 pair of boots (worn)
Magical Staves
 r - a staff of death
 K - a staff of conjuration (weapon)
Jewellery
 n - a ring of positive energy (left hand)
Wands
 u - a wand of iceblast (4)
Scrolls
 e - a scroll of noise {unknown}
 f - 3 scrolls of silence {unknown}
 j - 2 scrolls of enchant armour {unknown}
 k - 3 scrolls of identify
 l - a scroll of fog
 o - 2 scrolls of blinking {unknown}
 t - 2 scrolls of magic mapping {unknown}
 v - a scroll of brand weapon {unknown}
 w - a scroll of acquirement {unknown}
 x - a scroll of torment {unknown}
 y - a scroll of fear
 C - a scroll of enchant weapon {unknown}
 D - 3 scrolls of teleportation {unknown}
 G - a scroll of immolation {unknown}
Potions
 d - a potion of magic
 m - a potion of might {unknown}
 p - 4 potions of lignification {unknown}
 q - 2 potions of brilliance {unknown}
 z - 2 potions of invisibility {unknown}
 B - 3 potions of attraction {unknown}
 E - a potion of berserk rage {unknown}
 F - a potion of curing
 H - a potion of flight {unknown}
 J - a potion of heal wounds {unknown}


   Skills:
 + Level 2.6 Fighting
 - Level 2.4 Dodging
 - Level 3.9 Stealth
 + Level 6.4 Spellcasting
 + Level 5.4 Conjurations
 * Level 2.9 Summonings
 - Level 1.1 Translocations
 - Level 3.0 Fire Magic
 - Level 2.9 Air Magic
 - Level 3.0 Poison Magic


You had 8 spell levels left.
You knew the following spells:

 Your Spells              Type           Power      Damage    Failure   Level
a - Magic Dart            Conj           100%       1d8       1%          1
b - Call Imp              Summ           20%        N/A       3%          2
c - Conjure Flame         Conj/Fire      38%        6-21      4%          3
d - Mephitic Cloud        Conj/Pois/Air  35%        N/A       5%          3
e - Blink                 Tloc           22%        N/A       9%          2

Your spell library contained the following spells:

 Spells                   Type           Power      Damage    Failure   Level
 Slow                     Hex            28%        N/A       9%          1
 Portal Projectile        Hex/Tloc       18%        N/A       22%         3
 Tukima's Dance           Hex            7%         N/A       26%         3
 Summon Ice Beast         Ice/Summ       13%        N/A       43%         4
 Summon Mana Viper        Hex/Summ       13%        N/A       78%         5
 Manifold Assault         Tloc           11%        N/A       83%         5
 Blade Hands              Tmut           3%         N/A       94%         5
 Monstrous Menagerie      Summ           10%        N/A       100%        7
 Storm Form               Tmut/Air       6%         N/A       100%        7


Dungeon Overview and Level Annotations

Branches:
Dungeon (6/15)             Temple (1/1) D:5           Sewer (visited)

Altars:
Ashenzari
Cheibriados
Dithmenos
Fedhas
Gozag
Hepliaklqana
Makhleb
Okawaru
Qazlal
Ru
Uskayaw
Wu Jian
Yredelemnul
Zin
The Shining One


Message History

You hit the ice beast.
The ice beast is heavily wounded.
The ice beast hits you. The ice beast freezes you!
Hit: K) staff of conjuration
Press: ? - help, Dir - move target, f/p - ice beast
Aim: an ice beast (heavily wounded, about 37% to evade your staff of conjuration)
You hit the ice beast.
The ice beast is heavily wounded.
The ice beast closely misses you.
Casting: Magic Dart (safe; 1% risk of failure)
Confirm with . or Enter, or press ? or * to list all spells.
A beastly little devil appears in a puff of flame.
The ice beast hits you but does no damage.
Casting: Call Imp (safe; 3% risk of failure)
Confirm with . or Enter, or press ? or * to list all spells.
Aiming: Magic Dart (safe; 1% risk of failure)
Press: ? - help, Shift-Dir - straight line, f/p - ice beast
Aim: an ice beast (heavily wounded, ally target, 100% to hit)
You feel a surge of power!
The magic dart hits the ice beast.
The ice beast is severely wounded.
The ice beast completely misses you.
You hit the ice beast but do no damage.
The ice beast is severely wounded.
The ice beast hits you but does no damage.
Your crimson imp hits the ice beast.
Hit: K) staff of conjuration
Press: ? - help, Dir - move target, f/p - ice beast
Aim: an ice beast (severely wounded, not watching you, ally target, about 37% to evade your staff of conjuration)
You barely miss the ice beast.
The ice beast is severely wounded.
The ice beast hits you. The ice beast freezes you!
* * * LOW HITPOINT WARNING * * *
Your crimson imp hits the ice beast but does no damage.
Your crimson imp blinks!
The ice beast attacks as you move away! The ice beast barely misses you.
Your crimson imp blinks!
The ice beast attacks as you move away! The ice beast hits you.
* * * LOW HITPOINT WARNING * * *
The ice beast freezes you!
You die...

.......#.....######..........
......#..........+..........
................#..†.......
#..#.#.####...#.#..##......
#............<#.#..##.##...
##.........#...........#...
#......#.#.............#.#'
#.......#.##.....####.#S#.
#........@5.#.........#...
#.......#Y#.#.###.#####.[.
#.........#.#.........+..S
####.#.####.#.##.######...
#......................
###.####.#.##.#####.#..
#........##.# #.#..
#####.#####+### . #.........#


You could see an ice beast (ally target) and a friendly crimson imp (summoned).

Vanquished Creatures
  A black bear (D:5)
  A phantom (D:6)
  A kobold brigand (D:4)
  A scorpion (D:5)
  A howler monkey (D:5)
  2 orc wizards
  10 adders
  An ufetubus (D:4)
  A worm (D:2)
  11 orcs
  4 endoplasms
  A giant cockroach (D:5)
  6 hobgoblins
  5 jackals
  6 kobolds
  3 quokkas
  16 ball pythons
  6 bats
  11 frilled lizards
  11 goblins
  7 rats
106 creatures vanquished.

Vanquished Creatures (collateral kills)
  A water moccasin (D:6)
  An ice beast (D:5)
  A black bear (D:5)
  A bullfrog (D:5)
  2 scorpions
  A hound (D:6)
  An orc wizard (D:3)
  An adder (D:3)
  2 worms
  A dart slug (D:3)
  2 orcs (D:3)
  A goblin (D:4)
  A hobgoblin (D:4)
  3 jackals (D:5)
  A quokka (D:5)
  A kobold (D:2)
  A rat (D:5)
22 creatures vanquished.

Vanquished Creatures (others)
  An orc wizard (D:5)
1 creature vanquished.

Grand Total: 129 creatures vanquished

Notes
Turn   | Place    | Note
-------+----------+-------------------------------------------
     0 | D:1      | Wobber the Deep Elf Hedge Wizard began the quest for the
                  | Orb.
     0 | D:1      | Reached XP level 1. HP: 10/10 MP: 7/7
   414 | D:1      | Reached XP level 2. HP: 15/15 MP: 4/9
  1069 | D:1      | Reached XP level 3. HP: 18/20 MP: 7/11
  1867 | D:1      | Learned a level 2 spell: Call Imp
  2232 | D:2      | Reached XP level 4. HP: 22/24 MP: 1/12
  2316 | D:2      | Reached skill level 5 in Spellcasting
  2665 | D:3      | Found a snail-covered altar of Cheibriados.
  2869 | D:3      | Reached skill level 1 in Fighting
  3002 | D:3      | Found a shadowy altar of Dithmenos.
  3204 | D:3      | Reached XP level 5. HP: 29/29 MP: 11/14
  3434 | D:3      | Found a basalt altar of Yredelemnul.
  3725 | D:3      | Learned a level 3 spell: Conjure Flame
  3877 | D:4      | Found a hide-covered altar of Uskayaw.
  4165 | D:4      | Found a broken altar of Ashenzari.
  4209 | D:4      | Found a sacrificial altar of Ru.
  4417 | D:4      | Reached skill level 1 in Fire Magic
  4777 | D:4      | Reached XP level 6. HP: 10/35 MP: 6/16
  5054 | D:5      | Entered Level 5 of the Dungeon
  5065 | D:5      | Learned a level 3 spell: Mephitic Cloud
  5127 | D:5      | Learned a level 2 spell: Blink
  5556 | D:5      | Found a glowing drain.
  5612 | Sewer    | Entered a sewer
  6037 | Sewer    | Reached skill level 1 in Air Magic
  6230 | D:5      | Found a hazy altar of Hepliaklqana.
  6304 | D:5      | Reached skill level 1 in Poison Magic
  6304 | D:5      | Reached XP level 7. HP: 5/40 MP: 6/17
  6317 | D:5      | Found a glowing silver altar of Zin.
  6970 | D:5      | Reached skill level 6 in Spellcasting
  7061 | D:5      | Found a staircase to the Ecumenical Temple.
  7070 | Temple   | Entered the Ecumenical Temple
  7334 | D:5      | Reached skill level 5 in Conjurations
  8305 | D:6      | Reached XP level 8. HP: 22/45 MP: 1/19
  8615 | D:6      | Slain by an ice beast

Illustrated notes

Levels and vault maps discovered:
D:1:      zaba_arrival_water, layout_loops_corners
D:2:      layout_rooms
D:3:      layout_rooms, slow_altar_1, mainiacjoe_overflow_cross_hatched,
          nicolae_dithmenos_shadow_blocks, serial_glass, glass_columns_a,
          glass_columns_a, minmay_strange_pillars, minmay_fountain_box,
          minmay_misc_feat_iff, kennysheep_doodads
D:4:      layout_basic, nicolae_ru_sacrificial_ziggurat, kennysheep_mini_moat,
          kennysheep_small_circle
D:5:      layout_cave_pods, nicolae_hepliaklqana_hippocampus,
          mainiacjoe_overflow_brackets, minmay_temple_entry_stoned_glass,
          gup_sewer_entry_bowl
D:6:      layout_basic
Temple:   hellmonk_temple_of_storms

Skill      XL: |  1  2  3  4  5  6  7  8 |
---------------+-------------------------+-----
Conjurations   | 2 3 4 5 |  5.4
Stealth        | 3 |  3.9
Summonings     | 2 |  2.9
Spellcasting   | 5 6 |  6.4
Fighting       | 1 2 |  2.6
Fire Magic     | 1 2 3 |  3.0
Air Magic      | 1 2 |  2.9
Poison Magic   | 1 2 3 |  3.0
Dodging        | |  2.4
Translocations | |  1.1

Action                   |  1- 3 |  4- 6 |  7- 9 || total
-------------------------+-------+-------+-------++-------
Melee: Dagger            |    13 |    28 |     6 ||    47
       Punch             |     1 |       |     1 ||     2
       Spear             |       |       |     2 ||     2
       Staff             |       |       |     6 ||     6
 Cast: Magic Dart        |   106 |   151 |    63 ||   320
       Call Imp          |     1 |    23 |     9 ||    33
       Conjure Flame     |       |       |     1 ||     1
       Mephitic Cloud    |       |       |     1 ||     1
Evoke: Wand              |       |     3 |       ||     3
  Use: Scroll            |       |     4 |       ||     4
       Potion            |       |     2 |     3 ||     5
Armor: Robe              |     6 |    10 |     9 ||    25
Dodge: Dodged            |    23 |    61 |    26 ||   110
